 Dungeon Crawl Stone Soup version 0.31-a0-664-g902f515a81 (webtiles) character file.

Game seed: 3301930110027670767

7 avis the Changeling (level 1, 9/9 HPs)
             Began as a Felid Shapeshifter on Sept 3, 2023.
             Got out of the dungeon alive.
             The game lasted 00:01:24 (350 turns).

avis the Changeling (Felid Shapeshifter)             Turns: 350, Time: 00:01:25

Health: 9/9        AC:  1    Str: 10    XL:     1   Next: 83%
Magic:  2/2        EV: 17    Int: 11    God:
Gold:   24         SH:  0    Dex: 15    Spells: 0/0 levels left
                                        Lives:  0   Deaths: 1

rFire   . .          .
                       - Unarmed
rCold   . . .        (shield unavailable)
rNeg    . . .        (body armour unavailable)
rPois   .            (helmet unavailable)
rElec   .            (cloak unavailable)
rCorr   .            (gloves unavailable)
SInv    +            (boots unavailable)
Will    .....        (no amulet)
Stlth   +            (no ring)
HPRegen 0.21/turn    (no ring)
MPRegen 0.08/turn

%: no passive effects
@: beast-form, quick
A: beast (slay +2), very small, claws 1, fangs 3, see invisible, speed 1, shaggy
fur 1, stealthy paws, no weapons or thrown items, no armour, multi-lived
a: Begin Untransformation


You escaped.
You were a hulking beast.
You visited 1 branch of the dungeon, and saw 1 of its levels.

You collected 24 gold pieces.

Inventory:

Talismans
 b - a beast talisman (active)
 c - a flux talisman
Scrolls
 d - a scroll of teleportation {unknown}
Potions
 a - a potion of lignification


   Skills:
 - Level 1.0 Fighting
 - Level 2.6 Dodging
 - Level 3.0 Unarmed Combat
 * Level 3.7 Shapeshifting


You couldn't memorise any spells.
You didn't know any spells.
Your spell library was empty.

Dungeon Overview and Level Annotations

Branches:
Dungeon (1/15)

Altars:


Innate Abilities, Weirdness & Mutations

You are a hulking beast.
Your limbs bulge with bestial killing power. (Slay +2)
You have sharp claws.
You have razor-sharp teeth.
You have supernaturally acute eyesight. (SInv)
You cover ground quickly. (Speed+)
You are covered in fur. (AC +1)
Your paws help you pounce on unaware monsters.
You are incapable of wielding weapons or throwing items.
You cannot wear armour.
You gain extra lives every three experience levels.


Message History

Found 4 gold pieces.
There is an open door here.
You now have 24 gold pieces (gained 4).
A hobgoblin comes into view.
Found a stone.
Found a stone staircase leading down.
The helpless hobgoblin fails to defend itself.
You scratch the hobgoblin.
You kill the hobgoblin!
A quokka comes into view.
You barely miss the quokka. The quokka misses you.
You scratch the quokka.
The quokka is almost dead.
The quokka misses you.
You scratch the quokka but do no damage.
The quokka is almost dead.
The quokka completely misses you. x2
You scratch the quokka.
You kill the quokka!
Could not explore, unopened door.
You open the door.
There is an open door here.
A quokka comes into view.
You barely miss the quokka. The quokka bites you.
You scratch the quokka.
The quokka is moderately wounded.
The quokka misses you.
You barely miss the quokka.
The quokka is moderately wounded.
The quokka barely misses you.
You barely miss the quokka.
The quokka is moderately wounded.
The quokka bites you.
You scratch the quokka. Your bite misses the quokka.
The quokka is severely wounded.
The quokka bites you.
You die...
Your shape twists and changes as you die.
You rejoin the land of the living...
There is a staircase leading out of the dungeon here.
You have escaped!

###### ...#
######....#####.#.#.
#...)...............
#.####.##.........##
#.# #.#8.........8#
#. #.#
##.#...8...8...# #.
#.# #..#8.........8#
#. #.#
#..##.........# #.
#.###..#####8h8####
#. #......# ##### #.
#####.## #. #.###
###. #...## ##.##
##....#### ####...#
##........+ +......†
#.......### ####...#
##.##..## ##.#.


There were no monsters in sight!

Vanquished Creatures
  2 goblins (D:1)
  A hobgoblin (D:1)
  A quokka (D:1)
  A bat (D:1)
  A rat (D:1)
6 creatures vanquished.

Notes
Turn   | Place    | Note
-------+----------+-------------------------------------------
     0 | D:1      | avis the Felid Shapeshifter began the quest for the Orb.
     0 | D:1      | Reached XP level 1. HP: 9/9 MP: 2/2
   310 | D:1      | Slain by a quokka
   350 | D:$      | Got out of the dungeon alive.

Illustrated notes

Levels and vault maps discovered:
D:1:      mrwooster_arrival_statue_2, layout_loops_corners,
          ebering_ecumenical_altar_sacrificial

Action                     || total
---------------------------++-------
  Melee: Unarmed           ||    16
   Stab: Sleeping          ||     1
 Armour: Skin              ||     4
  Dodge: Dodged            ||    11

Table legend: (Time is in decaauts)
 A = Elapsed time spent in this place.
 B = Non-inter-level travel time spent in this place.
 C = Inter-level travel time spent in this place.
 D = Time resting spent in this place.
 E = Time spent auto-exploring this place.
 F = Levels seen in this place.
 G = Mean time per level.
                   A        B        C        D        E       F      G
               +--------+--------+--------+--------+--------+-----+--------+
         Total |    283 |    253 |     30 |      0 |    199 |   1 |  283.0 |
       Dungeon |    283 |    253 |     30 |      0 |    199 |   1 |  283.0 |
               +--------+--------+--------+--------+--------+-----+--------+

Top non-repeatable levels by time:
     D:1: 283 daAuts
